 Dungeon Crawl Stone Soup version 0.28.0-43-g3370ac3207 (webtiles) character file.

Game seed: 17828377484745026879

6409 pkoi the Thaumaturge (level 10, -10/49 HPs)
             Began as a Spriggan Venom Mage on Mar 22, 2022.
             Was a Believer of Sif Muna.
             Mangled by a hornet (12 damage)
             ... on level 8 of the Dungeon on Mar 23, 2022.
             The game lasted 00:33:33 (17046 turns).

pkoi the Thaumaturge (Spriggan Venom Mage)         Turns: 17046, Time: 00:33:34

Health: -10/49     AC:  6    Str:  4    XL:     10   Next: 66%
Magic:  18/34      EV: 18    Int: 21    God:    Sif Muna [**....]
Gold:   333        SH:  0    Dex: 16    Spells: 15/30 levels left

rFire   . . .      SeeInvis +   C - +3 rapier (venom)
rCold   . . .      Faith    .   (no shield)
rNeg    . . .      Spirit   .   a - +0 robe
rPois   .          Reflect  .   (helmet restricted)
rElec   .          Harm     .   (no cloak)
rCorr   .          Rampage  .   (gloves unavailable)
Will    +....                   (boots unavailable)
Stlth   +++.......              (no amulet)
HPRegen 0.16/turn               v - +4 ring of protection
MPRegen 0.24/turn               A - ring of magical power

@: lethally poisoned (-10 -> -15), slowed, quick
A: very small, no large weapons, unfitting armour, see invisible, speed 3
a: Renounce Religion, Channel Magic


You were on level 8 of the Dungeon.
You worshipped Sif Muna.
Sif Muna was pleased with you.
You visited 2 branches of the dungeon, and saw 9 of its levels.
You also visited: Sewer, Ossuary and Bailey.

You collected 353 gold pieces.
You spent 20 gold pieces at shops.

Inventory:

Hand Weapons
 b - a +2 dagger of freezing
 c - a +2 dagger of venom
 C - a +3 rapier of venom (weapon)
Missiles
 j - 6 curare-tipped darts
Armour
 a - a +0 robe (worn)
Magical Staves
 n - a staff of conjuration
Jewellery
 m - a ring of poison resistance
 r - a +4 ring of protection
 v - a +4 ring of protection (left hand)
 x - a ring of protection from cold
 A - a ring of magical power (right hand)
Wands
 g - a wand of charming (6)
 w - a wand of flame (13)
 E - a wand of acid (5)
Scrolls
 d - a scroll of magic mapping
 k - a scroll of teleportation
 p - a scroll of blinking
 q - 4 scrolls of amnesia
 t - 4 scrolls of immolation
 u - 3 scrolls of brand weapon
 y - a scroll of fear
 F - a scroll of enchant weapon
Potions
 e - 5 potions of curing
 f - a potion of lignification
 h - 2 potions of haste {unknown}
 i - a potion of flight
 l - 3 potions of heal wounds {unknown}
 o - 2 potions of magic
 s - 3 potions of brilliance {unknown}
 z - 3 potions of might
 B - a potion of attraction
 D - a potion of cancellation


   Skills:
 + Level 3.7 Fighting
 + Level 4.3 Dodging
 + Level 4.3 Stealth
 + Level 10.5 Spellcasting
 - Level 2.0 Translocations
 - Level 2.5 Transmutations
 + Level 4.6 Fire Magic
 - Level 6.0 Air Magic
 + Level 9.2 Poison Magic
 + Level 0.5 Invocations


You had 15 spell levels left.
You knew the following spells:

 Your Spells              Type           Power      Damage    Failure   Level
a - Sting                 Tmut/Pois      100%       1d8       1%          1
b - Olgreb's Toxic Radia  Pois           49%        N/A       1%          4
c - Passage of Golubria   Tloc           19%        N/A       26%         4
d - Poisonous Vapours     Pois/Air       86%        N/A       1%          2
e - Scorch                Fire           60%        2d8       1%          2
f - Passwall              Tmut/Erth      13%        N/A       5%          2

Your spell library contained the following spells:

 Spells                   Type           Power      Damage    Failure   Level
 Swiftness                Air            36%        N/A       1%          3
 Mephitic Cloud           Conj/Pois/Air  32%        N/A       2%          3
 Wereblood                Tmut           21%        N/A       3%          2
 Animate Skeleton         Necr           22%        N/A       6%          1
 Freeze                   Ice            44%        1d6       6%          1
 Pain                     Necr           44%        1d6       6%          1
 Sandblast                Erth           22%        2d7       6%          1
 Summon Small Mammal      Summ           44%        N/A       6%          1
 Gell's Gravitas          Tloc           19%        N/A       8%          3
 Lesser Beckoning         Tloc           19%        N/A       8%          3
 Teleport Other           Tloc           19%        N/A       8%          3
 Ensorcelled Hibernation  Hex/Ice        22%        N/A       10%         2
 Sublimation of Blood     Necr           11%        N/A       10%         2
 Stone Arrow              Conj/Erth      22%        3d8       19%         3
 Vampiric Draining        Necr           11%        2d6       19%         3
 Flame Wave               Conj/Fire      20%        2d7       24%         4
 Ice Form                 Ice/Tmut       16%        N/A       34%         4
 Silence                  Hex/Air        11%        N/A       45%         5
 Iskenderun's Battlesphe  Conj           11%        2d7       86%         5
 Iron Shot                Conj/Erth      5%         9d2       100%        6
 Summon Cactus Giant      Summ           5%         N/A       100%        6
 Spellforged Servitor     Conj/Summ      5%         N/A       100%        7
 Summon Hydra             Summ           5%         N/A       100%        7
 Borgnjor's Revivificati  Necr           5%         N/A       100%        8
 Lehudib's Crystal Spear  Conj/Erth      5%         10d3      100%        8


Dungeon Overview and Level Annotations

Branches:
Dungeon (8/15)             Temple (1/1) D:7           Sewer (visited)
Ossuary (visited)          Bailey (visited)
   Lair: D:8-11

Altars:
Ashenzari
Cheibriados
Dithmenos
Elyvilon
Fedhas
Gozag
Hepliaklqana
Kikubaaqudgha
Makhleb
Nemelex Xobeh
Okawaru
Qazlal
Ru
Sif Muna
Trog
Uskayaw
Vehumet
Wu Jian
Xom
Yredelemnul
Zin
The Shining One

Shops:
D:8 [!


Innate Abilities, Weirdness & Mutations

You are very small and have problems with some larger weapons.
You are too small for most types of armour.
You have supernaturally acute eyesight. (SInv)
You cover ground extremely quickly. (Speed+++)


Message History

You feel very sick.
* * * LOW HITPOINT WARNING * * *
You feel very sick.
The orc is no longer more vulnerable to fire.
* * * LOW HITPOINT WARNING * * *
You feel very sick.
You feel better. The orc hits you but does no damage.
Your magical contamination has completely faded away.
Found Vireif's Antique Armour Boutique.
Found 3 poisoned darts.
Casting: Scorch (safe; 1% risk of failure)
Confirm with . or Enter, or press ? or * to list all spells.
Okay, then.
Casting: Scorch (safe; 1% risk of failure)
Confirm with . or Enter, or press ? or * to list all spells.
You begin to radiate toxic energy.
The hornet is poisoned.
Unknown command.
You are too injured to fight recklessly!
You are too injured to fight recklessly!
Casting: Scorch (safe; 1% risk of failure)
Press: ? - help, Q - select action, (/) - cycle Dir - look around, f - activate Flames lash the hornet.
The hornet is heavily wounded.
The hornet's fire resistance burns away.
Your toxic aura wanes.
The hornet stings you!
* * * LOW HITPOINT WARNING * * *
You are lethally poisoned!
You feel yourself slow down.
Casting: Scorch (safe; 1% risk of failure)
Press: ? - help, Q - select action, (/) - cycle Dir - look around, f - activate Flames lash the hornet.
The hornet is burned terribly!
The hornet is severely wounded.
* * * LOW HITPOINT WARNING * * *
You feel very sick. The hornet stings you.
* * * LOW HITPOINT WARNING * * *
You feel as though you will be slow longer.
The hornet stings you!
You die...

.. ..# #. #. #.#. #.# #. #.#
#.. . #.# #. #.# #.# #. #.# #.
#.# #.# #.##.####) #.#
#.#.#.)Z...... #.#
#.#.....Z.....
######.##########.######.#####
#...........y@...........# #
#.####.####o#.###.######## #
#.# #.#.##### ####### # #.#
#.#..# ##.....## #.####o####
#8)....8# #...##.##.#
##.....## #.#.##.##.# ###.###
#.....###.# #.#
#..≈≈≈.(#.)########∩######


You could see a hornet (poisoned, combustible) and an orc.

Vanquished Creatures
  Pikel (D:7)
  Prince Ribbit (D:7)
  A basilisk (D:8)
  6 humans (Bailey)
  4 vampire mosquitoes
  Menkaure (D:7)
  3 water moccasins
  Duvessa (D:6)
  A black bear (D:7)
  3 orc warriors
  An ice beast (D:5)
  2 sky beasts
  5 ogres
  2 centaurs (D:7)
  6 bullfrogs
  A kobold brigand (D:4)
  3 elf zombies (Ossuary)
  5 scorpions
  A water moccasin zombie (D:6)
  A water moccasin skeleton (D:6)
  Dowan (D:6)
  3 killer bees (D:7)
  10 wights
  A centaur zombie (Ossuary)
  2 bullfrog zombies
  3 jellies
  2 orc priests
  A hound (D:6)
  3 iguanas (D:5)
  4 orc wizards
  A hound zombie (D:5)
  2 mummies (Ossuary)
  14 gnolls
  6 adders
  3 white imps
  2 ufetubi (D:4)
  3 adder zombies (Ossuary)
  4 worms
  3 dart slugs
  18 orcs
  7 endoplasms
  16 giant cockroaches
  8 hobgoblins
  27 kobolds
  12 quokkas
  19 ball pythons
  5 bats
  14 frilled lizards
  11 goblins
  3 goblin zombies (Ossuary)
  7 hobgoblin zombies (Ossuary)
  A jackal zombie (Ossuary)
  7 kobold zombies (Ossuary)
  11 orc zombies (Ossuary)
  5 rats
288 creatures vanquished.

Vanquished Creatures (others)
  54 plants (D:4)
54 creatures vanquished.

Grand Total: 342 creatures vanquished

Notes
Turn   | Place    | Note
-------+----------+-------------------------------------------
     0 | D:1      | pkoi the Spriggan Venom Mage began the quest for the Orb.
     0 | D:1      | Reached XP level 1. HP: 9/9 MP: 5/5
    75 | D:1      | Reached XP level 2. HP: 14/14 MP: 3/6
   272 | D:1      | Reached skill level 1 in Fighting
   272 | D:1      | Reached skill level 3 in Spellcasting
   694 | D:1      | Found a faded altar of an unknown god.
   698 | D:1      | Got Plato's Papyrus of the Entourage
  1041 | D:1      | Reached XP level 3. HP: 18/18 MP: 8/8
  1551 | D:2      | Reached XP level 4. HP: 7/23 MP: 0/10
  1779 | D:2      | Learned a level 4 spell: Olgreb's Toxic Radiance
  1784 | D:2      | Learned a level 4 spell: Passage of Golubria
  3036 | D:3      | Found a glowing drain.
  3045 | D:3      | Reached skill level 1 in Translocations
  3046 | Sewer    | Entered a sewer
  3909 | Sewer    | Reached XP level 5. HP: 26/26 MP: 8/11
  4655 | Sewer    | Reached skill level 4 in Spellcasting
  4723 | Sewer    | Reached XP level 6. HP: 12/32 MP: 11/13
  6008 | D:4      | Reached skill level 5 in Spellcasting
  6139 | D:4      | Got the Handbook of Doomed Snow
  6259 | D:4      | Reached skill level 5 in Poison Magic
  6259 | D:4      | Reached XP level 7. HP: 36/36 MP: 10/16
  7285 | D:4      | Reached skill level 6 in Spellcasting
  7746 | D:4      | Learned a level 2 spell: Poisonous Vapours
  7785 | D:4      | Reached skill level 1 in Air Magic
  8234 | D:5      | Entered Level 5 of the Dungeon
  8597 | D:6      | Reached XP level 8. HP: 39/40 MP: 15/19
  8679 | D:5      | Reached skill level 7 in Spellcasting
  9081 | D:5      | Found a blossoming altar of Fedhas.
 10014 | D:6      | Noticed Dowan
 10016 | D:6      | Noticed Duvessa
 10024 | D:6      | Killed Dowan
 10070 | D:6      | Killed Duvessa
 10313 | D:6      | Reached skill level 8 in Spellcasting
 10322 | D:6      | Learned a level 2 spell: Scorch
 10758 | D:6      | Reached skill level 1 in Fire Magic
 11135 | D:6      | Reached XP level 9. HP: 44/44 MP: 10/22
 12094 | D:7      | Noticed Pikel
 12134 | D:7      | Killed Pikel
 12135 | D:7      | Reached skill level 9 in Spellcasting
 12245 | D:7      | Found a flagged portal.
 12255 | Bailey   | Entered a bailey
 12363 | Bailey   | Reached skill level 5 in Air Magic
 12582 | Bailey   | HP: 2/44 [human/+1 vorpal hand axe (4)]
 12584 | Bailey   | Reached XP level 10. HP: 1/49 MP: 0/24
 13109 | D:7      | Reached skill level 10 in Spellcasting
 13336 | D:7      | Found a staircase to the Ecumenical Temple.
 13358 | Temple   | Entered the Ecumenical Temple
 13456 | Temple   | Became a worshipper of Sif Muna the Loreminder
 13583 | D:7      | Noticed Menkaure
 13832 | D:7      | Noticed Prince Ribbit
 13857 | D:7      | Killed Prince Ribbit
 14482 | D:7      | Killed Menkaure
 14510 | D:7      | Noticed a gargoyle
 14513 | D:7      | Noticed a skeletal warrior
 14953 | D:8      | Found Icauguiq's Distillery.
 14956 | D:8      | Bought 2 potions of degeneration for 20 gold pieces
 15457 | D:8      | Reached * piety under Sif Muna
 15526 | D:8      | Found a sand-covered staircase.
 15534 | Ossuary  | Entered an ossuary
 15917 | Ossuary  | Learned a level 2 spell: Passwall
 16297 | Ossuary  | Reached ** piety under Sif Muna
 17002 | D:8      | Paralysed by a hornet for 2 turns
 17028 | D:8      | Found Vireif's Antique Armour Boutique.
 17046 | D:8      | HP: 2/49 [hornet (3)]
 17046 | D:8      | Mangled by a hornet

Illustrated notes

Levels and vault maps discovered:
D:1:      lightli_arrival_quake, layout_basic,
          shapermc_ecumenical_altar_rom_forum, nrook_campfire
D:2:      layout_basic
D:3:      layout_basic, cheibrodos_sewer_entry_drain
D:4:      kennysheep_kobold_camp, layout_gridville, minmay_misc_feat_square,
          minmay_surrounded
D:5:      layout_basic, lemuel_doored_altar, serial_park_tiny_2
D:6:      nicolae_cairo_tiling, layout_gridville, uniq_duvessa
D:7:      minmay_blocky_corners, layout_basic, minmay_temple_entry_nine_rooms,
          enter_bailey_5, uniq_pikel, uniq_prince_ribbit1, uniq_menkaure
D:8:      layout_loops_ring, serial_shops, kennysheep_mini_moat,
          nicolae_lakefront_shop, chequers_ossuary_entry_cave, minmay_crossroads
Temple:   minmay_crystal_snake_temple

Skill      XL: |  1  2  3  4  5  6  7  8  9 10 |
---------------+-------------------------------+-----
Fighting       | 1 2 3 |  3.7
Spellcasting   | 3 4 5 6 8 9 10 | 10.5
Transmutations | 2 |  2.5
Translocations | 1 2 |  2.0
Stealth        | 4 |  4.3
Poison Magic   | 4 5 6 7 8 9 |  9.2
Air Magic      | 1 3 5 6 |  6.0
Fire Magic     | 1 3 4 |  4.6
Dodging        | 4 |  4.3
Invocations    | |  0.5

Action                   |  1- 3 |  4- 6 |  7- 9 | 10-12 || total
-------------------------+-------+-------+-------+-------++-------
Melee: Dagger            |    28 |    95 |    64 |       ||   187
       Punch             |       |     2 |     3 |       ||     5
       Rapier            |       |       |    41 |    48 ||    89
 Cast: Sting             |    33 |   152 |   124 |       ||   309
       Scorch            |       |       |    50 |   124 ||   174
       Poisonous Vapours |       |       |    43 |    27 ||    70
       Olgreb's Toxic Ra |       |       |     8 |     6 ||    14
  Use: Scroll            |     1 |     7 |     7 |     3 ||    18
       Potion            |       |       |       |     2 ||     2
 Stab: Sleeping          |     2 |     7 |     2 |       ||    11
Armor: Robe              |       |    12 |    43 |    37 ||    92
Dodge: Dodged            |    27 |   146 |   135 |   111 ||   419
